 Dungeon Crawl Stone Soup version 0.23.2-33-g5129a83184 (webtiles) character file.

Game seed: 14633233183302154717

3237 doot the Thaumaturge (level 9, -10/47 HPs)
             Began as a Deep Elf Conjurer on July 24, 2019.
             Was a Priest of Vehumet.
             Mangled by a porcupine (14 damage)
             ... on level 8 of the Dungeon.
             The game lasted 00:18:37 (8178 turns).

doot the Thaumaturge (Deep Elf Conjurer)            Turns: 8178, Time: 00:18:38

Health: -10/47     AC:  3    Str:  7    XL:     9   Next: 66%
Magic:  23/26      EV: 15    Int: 26    God:    Vehumet [***...]
Gold:   384        SH:  0    Dex: 15    Spells: 20/30 levels left

rFire    + . .     SeeInvis .   b - staff of wizardry
rCold    + + .     Gourm    .   (no shield)
rNeg     + . .     Faith    .   t - +0 robe {rC+}
rPois    .         Spirit   .   (no helmet)
rElec    .         Reflect  .   r - scarf {rC+ rF+}
rCorr    .         Harm     .   w - +0 pair of gloves
MR       .....                  (no boots)
Stlth    +++.......             h - amulet of rage
HPRegen  0.15/turn              A - ring "Sefaan" {rN+ Str+2 Int+2}
MPRegen  0.20/turn              s - ring of wizardry

@: no status effects
A: no striking features
a: Renounce Religion, Evoke Berserk Rage


You were on level 8 of the Dungeon.
You worshipped Vehumet.
Vehumet was most pleased with you.
You were near starving.

You visited 2 branches of the dungeon, and saw 9 of its levels.

You collected 384 gold pieces.

Inventory:

Armour
 i - a scarf of repulsion
 r - a scarf of resistance (worn)
 t - a +0 robe of cold resistance (worn)
 w - a +0 pair of gloves (worn)
Magical Staves
 b - an uncursed staff of wizardry (weapon)
 q - an uncursed staff of earth
Jewellery
 h - an amulet of rage (around neck)
 n - an uncursed ring of stealth
 s - a ring of wizardry (right hand)
 v - the ring "Anusch" {-Tele Str-3 Int+8 Dex+5 Stlth-}
   (You took it off a crimson imp on level 7 of the Dungeon)

   [ring of attention]

   It affects your strength (-3).
   It affects your intelligence (+8).
   It affects your dexterity (+5).
   It prevents most forms of teleportation.
   It makes you less stealthy.
 A - the ring "Sefaan" (left hand) {rN+ Str+2 Int+2}
   (You found it on level 7 of the Dungeon)

   [ring of positive energy]

   It affects your strength (+2).
   It affects your intelligence (+2).
   It protects you from negative energy.
 B - an uncursed ring of fire
Wands
 y - a wand of disintegration (9)
Scrolls
 d - a scroll of amnesia
 e - 3 scrolls of identify
 f - 4 scrolls of teleportation
 j - 3 scrolls of remove curse
 k - 2 scrolls of enchant weapon
 l - a scroll of immolation {unknown}
 o - 2 scrolls of fog {unknown}
 x - a scroll of magic mapping {unknown}
Potions
 a - a potion of heal wounds {unknown}
 g - 3 potions of curing
 m - a potion of lignification {unknown}
 p - a potion of degeneration {unknown}
 u - 3 potions of cancellation {unknown}
 z - 2 potions of mutation {unknown}
Comestibles
 c - 11 rations


   Skills:
 + Level 1.1 Fighting
 + Level 5.0 Dodging
 + Level 5.6 Stealth
 + Level 0.3 Unarmed Combat
 + Level 11.2 Spellcasting
 + Level 10.7 Conjurations
 + Level 0.6 Hexes
 + Level 0.3 Fire Magic


You had 20 spell levels left.
You knew the following spells:

 Your Spells              Type           Power        Failure   Level  Hunger
a - Magic Dart            Conj           ####         1%          1    None
b - Searing Ray           Conj           ######       1%          2    None
d - Fulminant Prism       Conj/Hex       #####.....   1%          4    None
e - Conjure Flame         Conj/Fire      #####...     1%          3    None

Your spell library contained the following spells:

 Spells                   Type           Power        Failure   Level  Hunger
 Throw Frost              Conj/Ice       #####.       1%          2    None
 Blink                    Tloc           N/A          1%          2    None
 Call Imp                 Summ           ##......     1%          2    None
 Slow                     Hex            ###.....     1%          2    None
 Dazzling Spray           Conj/Hex       #####.       1%          3    None
 Mephitic Cloud           Conj/Pois/Air  ####....     1%          3    None
 Force Lance              Conj/Tloc      #####...     1%          4    None
 Iskenderun's Mystic Bla  Conj           ######..     1%          4    None


Dungeon Overview and Level Annotations

Branches:
Dungeon (8/15)             Temple (1/1) D:6
   Lair: D:8-11

Altars:
Ashenzari
Cheibriados
Dithmenos
Elyvilon
Fedhas
Gozag
Kikubaaqudgha
Makhleb
Nemelex Xobeh
Okawaru
Qazlal
Ru
Sif Muna
Trog
Uskayaw
Vehumet
Wu Jian
Xom
Yredelemnul
Zin
The Shining One

Shops:
D:7 [

Annotations:
D:3 1 runed translucent door, Crazy Yiuf
D:5 exclusion: oklob plant


Message History

A bullfrog comes into view.
The bullfrog gives a loud, deep croak!
The bullfrog moves out of view.
You see here a porcupine corpse.
You butcher the porcupine corpse.
The porcupine bites you. x2
Something hits the fungus.
The porcupine barely misses you. The porcupine bites you!
Things that are here:
a chunk of flesh; a porcupine skeleton Unknown command.
Something hits the fungus.
The porcupine bites you!
* * * LOW HITPOINT WARNING * * *
Something hits the fungus.
There is a stone staircase leading up, spattered with blood here.
Unknown command.
The bullfrog hits the plant but does no damage.
Something hits the fungus.
Something hits the plant but does no damage.
The porcupine bites you!
You die...

### ...## .....##
.PPP...## #
..P.P...#####.#
...PPP..<.r@..#
P...P..%..r.....#
####....P#####.....
#.....# .#.#
#..PP.. ...
#P..P.## .#
FP.PP... # .PP...##
..P...P#


You could see 2 porcupines.

Vanquished Creatures
  2 hornets (D:7)
  Sigmund (D:5)
  Eustachio (D:6)
  Edmund (D:5)
  A porcupine (D:8)
  2 sky beasts
  2 orc warriors (D:7)
  An ice beast (D:7)
  3 ogres
  3 centaurs
  A crocodile (D:7)
  2 bullfrogs
  A water moccasin zombie (D:4)
  A scorpion (D:6)
  3 howler monkeys
  4 crimson imps
  A bullfrog zombie (D:7)
  A hound (D:7)
  4 orc priests
  6 orc wizards
  3 centaur skeletons
  An iguana (D:5)
  4 worker ants
  A hound zombie (D:7)
  A worker ant zombie (D:5)
  A howler monkey skeleton (D:4)
  9 adders
  2 shadow imps
  2 oozes
  An adder skeleton (D:5)
  3 worms
  A dart slug (D:1)
  3 leopard geckos
  23 orcs
  4 giant cockroaches
  9 goblins
  3 hobgoblins
  4 jackals (D:1)
  A quokka (D:2)
  4 bats (D:1)
  5 frilled lizards
  A kobold (D:2)
  4 rats
131 creatures vanquished.

Vanquished Creatures (others)
  6 fulminant prisms
6 creatures vanquished.

Grand Total: 137 creatures vanquished

Notes
Turn   | Place    | Note
-------+----------+-------------------------------------------
     0 | D:1      | doot the Deep Elf Conjurer began the quest for the Orb.
     0 | D:1      | Reached XP level 1. HP: 10/10 MP: 6/6
   424 | D:1      | Reached XP level 2. HP: 13/15 MP: 2/8
   508 | D:1      | Learned a level 2 spell: Searing Ray
  1208 | D:1      | Reached skill level 5 in Conjurations
  1606 | D:2      | Reached XP level 3. HP: 19/19 MP: 6/10
  1629 | D:2      | Found a radiant altar of Vehumet.
  1638 | D:2      | Found an opulent altar of Gozag.
  1677 | D:2      | Became a worshipper of Vehumet
  1707 | D:2      | Reached skill level 4 in Spellcasting
  1791 | D:2      | Found a shimmering altar of Xom.
  1924 | D:2      | Found a shimmering altar of Xom.
  1926 | D:2      | Found a shimmering altar of Xom.
  1935 | D:2      | Found a shimmering altar of Xom.
  2253 | D:3      | Reached XP level 4. HP: 23/24 MP: 6/12
  2309 | D:3      | Learned a level 4 spell: Iskenderun's Mystic Blast
  2438 | D:3      | Found a runed translucent door.
  2439 | D:3      | Noticed Crazy Yiuf
  2479 | D:3      | Found a white marble altar of Elyvilon.
  2781 | D:3      | Found a shattered altar of Ashenzari.
  3004 | D:4      | Reached * piety under Vehumet
  3004 | D:4      | Offered knowledge of Flame Tongue by Vehumet.
  3048 | D:4      | Reached XP level 5. HP: 27/28 MP: 5/13
  3111 | D:4      | Learned a level 4 spell: Fulminant Prism
  3330 | D:4      | Reached skill level 5 in Spellcasting
  3453 | D:4      | Reached XP level 6. HP: 21/32 MP: 11/15
  4060 | D:4      | Found an ornate altar of the Wu Jian Council.
  4100 | D:5      | Entered Level 5 of the Dungeon
  4101 | D:5      | Noticed Sigmund
  4131 | D:5      | Reached XP level 7. HP: 37/37 MP: 9/17
  4275 | D:5      | Found an opulent altar of Gozag.
  4343 | D:5      | Killed Sigmund
  4343 | D:5      | Reached skill level 6 in Spellcasting
  4480 | D:5      | Found a shadowy altar of Dithmenos.
  4497 | D:5      | Learned a level 3 spell: Conjure Flame
  4529 | D:5      | Noticed Edmund
  4540 | D:5      | Killed Edmund
  4724 | D:5      | Found a blossoming altar of Fedhas.
  4743 | D:5      | Noticed an oklob plant
  4796 | D:5      | Reached XP level 8. HP: 42/42 MP: 12/20
  4929 | D:6      | Noticed Eustachio
  4937 | D:6      | Reached skill level 5 in Stealth
  4937 | D:6      | Reached skill level 7 in Spellcasting
  5021 | D:6      | Killed Eustachio
  5021 | D:6      | Reached skill level 1 in Fighting
  5246 | D:6      | Reached ** piety under Vehumet
  5246 | D:6      | Offered knowledge of Freeze by Vehumet.
  5333 | D:6      | Found a staircase to the Ecumenical Temple.
  5340 | Temple   | Entered the Ecumenical Temple
  5602 | D:6      | Found a bloodstained altar of Trog.
  5750 | D:6      | Reached skill level 8 in Spellcasting
  6363 | D:7      | Reached skill level 9 in Spellcasting
  6636 | D:7      | Reached XP level 9. HP: 47/47 MP: 13/24
  7102 | D:7      | Offered knowledge of Throw Frost by Vehumet.
  7367 | D:7      | Found Abuakea's Armour Shoppe.
  7405 | D:7      | Reached skill level 10 in Conjurations
  7626 | D:7      | Reached skill level 10 in Spellcasting
  7715 | D:7      | Identified the ring "Anusch" {-Tele Str-3 Int+8 Dex+5
                  | Stlth-}
  7800 | D:7      | Reached *** piety under Vehumet
  7807 | D:7      | Reached skill level 11 in Spellcasting
  7969 | D:7      | Got a twitching bone ring
  7985 | D:7      | Identified the ring "Sefaan" {rN+ Str+2 Int+2} (You found
                  | it on level 7 of the Dungeon)
  8172 | D:8      | Reached skill level 5 in Dodging
  8178 | D:8      | Mangled by a porcupine

Skill      XL: |  1  2  3  4  5  6  7  8  9 |
---------------+----------------------------+-----
Conjurations   | 5 6 7 8 9 10 | 10.7
Spellcasting   | 4 5 6 9 11 | 11.2
Dodging        | 3 4 5 |  5.0
Stealth        | 3 4 5 |  5.6
Fighting       | 1 |  1.1
Unarmed Combat | |  0.3
Hexes          | |  0.6
Fire Magic     | |  0.3

Action                   |  1- 3 |  4- 6 |  7- 9 || total
-------------------------+-------+-------+-------++-------
Melee: Unarmed           |     1 |       |       ||     1
 Cast: Magic Dart        |    49 |    20 |    75 ||   144
       Searing Ray       |    11 |    14 |    57 ||    82
       Iskenderun's Myst |       |     2 |       ||     2
       Fulminant Prism   |       |       |     6 ||     6
       Conjure Flame     |       |       |    12 ||    12
  Use: Scroll            |       |       |     5 ||     5
  Eat: Chunk             |     4 |     4 |    13 ||    21
Armor: Robe              |     4 |       |     4 ||     8
Dodge: Dodged            |    26 |     7 |    32 ||    65
       Deflected         |       |     3 |       ||     3
